 Dungeon Crawl Stone Soup version 0.26.1-11-gd32895ea62 (webtiles) character file.

Game seed: 15060164468351197364

71 Zeld the Slasher (level 4, -1/57 HPs)
             Began as a Draconian Monk on May 24, 2021.
             Succumbed to a water moccasin's poison
             ... on level 2 of the Dungeon.
             The game lasted 00:03:25 (1932 turns).

Zeld the Slasher (Draconian Monk)                   Turns: 1932, Time: 00:03:25

Health: -1/57      AC:  5    Str: 14    XL:     4   Next: 5%
Magic:  4/4        EV: 13    Int: 11    God:
Gold:   96         SH:  0    Dex: 13    Spells: 3/3 levels left

rFire    . . .     SeeInvis .   a - +0 falchion
rCold    . . .     Faith    .   (no shield)
rNeg     . . .     Spirit   .   (armour unavailable)
rPois    .         Reflect  .   (helmet restricted)
rElec    .         Harm     .   (no cloak)
rCorr    .         Rampage  .   (no gloves)
Will     .....                  (no boots)
Stlth    ..........             (no amulet)
HPRegen  0.19/turn              (no ring)
MPRegen  0.09/turn              (no ring)

@: berserking, lethally poisoned (-1 -> -20), very quick
A: unfitting armour, cold-blooded, AC +5
a: no special abilities


You were on level 2 of the Dungeon.
You visited 1 branch of the dungeon, and saw 2 of its levels.

You collected 96 gold pieces.

Inventory:

Hand Weapons
 a - a +0 falchion (weapon)
Scrolls
 b - 2 scrolls of identify {unknown}
 d - 2 scrolls of fear {unknown}
 e - a scroll of enchant armour {unknown}
 g - a scroll of immolation {unknown}
Potions
 c - a potion of berserk rage
 f - 2 potions of curing {unknown}
 h - a potion of degeneration {unknown}
 i - a potion of lignification {unknown}


   Skills:
 - Level 3.2 Fighting
 * Level 5.0 Long Blades
 - Level 2.6 Dodging
 - Level 1.7 Stealth


You had 3 spell levels left.
You didn't know any spells.
Your spell library was empty.

Dungeon Overview and Level Annotations

Branches:
Dungeon (2/15)

Altars:


Innate Abilities, Weirdness & Mutations

Your plain brown scales are hard. (AC +5)
You cannot fit into any form of body armour.
You are cold-blooded and may be slowed by cold attacks.


Message History

The water moccasin is severely wounded.
Unknown command.
It was a potion of berserk rage.
A red film seems to cover your vision as you go berserk!
You feel yourself moving faster!
You feel mighty!
* * * LOW HITPOINT WARNING * * *
You feel sick.
The water moccasin bites you but does no damage.
The water moccasin bites you!
* * * LOW HITPOINT WARNING * * *
You hit the water moccasin.
The water moccasin is almost dead.
* * * LOW HITPOINT WARNING * * *
You feel sick. The water moccasin closely misses you.
You riposte.
You closely miss the water moccasin.
Your tail-slap misses the water moccasin.
The water moccasin is almost dead.
You barely miss the water moccasin.
The water moccasin is almost dead.
You die...

#.###†..[.........#...#
##.#..(..)..†......#.#.#####
.........>..†.............>#
†..................#.#######
####(.##.#<...##.#.#.#
#....#######.##.#)#(#
#.#............[#.#.#
##.#(#....<...##.#.#.#
......†#########@#.#.#
##.#.#.## #S#.#.# #.#.#..#
#.#.# # #)#..# ######.#.#
#.#..###.....†#.#
#.#...##.####.#..
####.#.#.##.# #.#..
.....#......# #.#
#########.######.#


You could see a water moccasin.

Vanquished Creatures
  3 adders (D:2)
  An ooze (D:1)
  A dart slug (D:1)
  6 bats
  3 giant cockroaches
  2 goblins
  3 hobgoblins
  4 jackals (D:2)
  10 kobolds
  3 frilled lizards
  2 rats (D:2)
38 creatures vanquished.

Notes
Turn   | Place    | Note
-------+----------+-------------------------------------------
     0 | D:1      | Zeld the Draconian Monk began the quest for the Orb.
     0 | D:1      | Reached XP level 1. HP: 19/19 MP: 1/1
    50 | D:1      | Reached XP level 2. HP: 21/26 MP: 2/2
   660 | D:1      | Reached skill level 4 in Long Blades
  1193 | D:2      | Reached XP level 3. HP: 24/31 MP: 3/3
  1819 | D:2      | Reached XP level 4. HP: 36/38 MP: 4/4
  1908 | D:2      | Noticed a water moccasin
  1917 | D:2      | Reached skill level 5 in Long Blades
  1930 | D:2      | HP: 2/57 [water moccasin (7)]
  1932 | D:2      | Succumbed to a water moccasin's poison

Illustrated notes

Levels and vault maps discovered:
D:1:      evilmike_arrival_plus, layout_basic, grunt_decor_mini_mirrors
D:2:      layout_basic

Skill      XL: |  1  2  3  4 |
---------------+-------------+-----
Long Blades    | 4 5 |  5.0
Fighting       | |  3.2
Dodging        | |  2.6
Stealth        | |  1.7

Action                   |  1- 3 |  4- 6 || total
-------------------------+-------+-------++-------
Melee: Falchion          |    81 |    20 ||   101
       Tailslap          |    14 |     2 ||    16
  Use: Potion            |       |     1 ||     1
 Stab: Sleeping          |     4 |       ||     4
Armor: Skin              |    20 |    10 ||    30
Dodge: Dodged            |    62 |    16 ||    78
       Rpst.: Falchion   |    21 |     5 ||    26
